 Dungeon Crawl Stone Soup version 0.19.5 (webtiles) character file.

12397 Drleta the Blocker (level 11, -1/160 HPs)
             Began as a Deep Dwarf Fighter on Apr 20, 2017.
             Was an Elder of Makhleb.
             Slain by a wolf spider (4 damage)
             ... on level 1 of the Spider Nest.
             The game lasted 01:53:35 (10822 turns).

Drleta the Blocker (Deep Dwarf Fighter)            Turns: 10822, Time: 01:53:35

Health: -1/160     AC:  9    Str: 30    XL:     11   Next: 61%
Magic:  11/11      EV:  2    Int: 14    God:    Makhleb [****..]
Gold:   640        SH: 14    Dex: 23    Spells: 1 memorised, 8 levels left

rFire  . . .     SeeInvis .     a - +3 long sword
rCold  . . .     Gourm    .     (armour currently unavailable)
rNeg   + + +     Faith    .     c - +0 shield
rPois  +         Spirit   .     (helmet currently unavailable)
rElec  .         Reflect  .     (cloak currently unavailable)
rCorr  .         Harm     .     (gloves currently unavailable)
MR     +....     NoTele   +     (boots currently unavailable)
Stlth  +++.......               (no amulet)
                                L - ring of Arrival {-Tele rPois Str+4 Int+5 Dex+4}
                                h - +2 ring of evasion

@: mighty, agile, lethally poisoned (-1 -> -1), tree-form, corroded,
non-regenerating
A: damage resistance, recharge devices, (thin metallic scales 0), sense
surroundings 2, robust 1, slow regeneration 3
a: Device Recharging, Minor Destruction, Lesser Servant of Makhleb, Major
Destruction, Renounce Religion


You were on level 1 of the Spider Nest.
You worshipped Makhleb.
Makhleb was greatly pleased with you.
You were not hungry.
You were a tree.
You visited 4 branches of the dungeon, and saw 12 of its levels.
You also visited: Sewer and Bailey.

You collected 640 gold pieces.

Inventory:

Hand Weapons
 a - a +3 long sword (weapon)
 D - a +1 vampiric war axe
 G - a +0 blowgun
 J - the cursed +1 dagger of the Big Bang {speed, *Rage rElec Int+3 Stlth+, unknown}
   (You found it on level 6 of the Dungeon)

   Attacks with this weapon are significantly faster.
   It affects your intelligence (+3).
   It insulates you from electricity.
   It may make you go berserk in combat.
   It makes you more stealthy.
   It has a curse placed upon it.
Missiles
 p - 29 poisoned needles
 E - 6 needles of sleeping
Armour
 b - a +0 scale mail
 c - a +0 shield (worn)
 i - a +0 pair of gloves (melded)
 t - a +3 plate armour (melded)
 u - a +0 cloak
 Q - a +1 cloak (melded)
Jewellery
 h - a +2 ring of evasion (left branch)
 j - an uncursed amulet of guardian spirit
 K - an uncursed ring of flight
 L - the ring of Arrival (right branch) {-Tele rPois Str+4 Int+5 Dex+4}
   (You found it on level 6 of the Dungeon)

   [ring of intelligence]

   It affects your strength (+4).
   It affects your intelligence (+5).
   It affects your dexterity (+4).
   It protects you from poison.
   It prevents most forms of teleportation.
Wands
 e - a wand of heal wounds (4/9)
 q - a wand of flame (5/48)
 s - a wand of digging (3/24)
 v - a wand of random effects (31/48)
 F - a wand of polymorph (3/24)
 M - a wand of iceblast (0/15)
 P - a wand of lightning (11/15)
Scrolls
 l - 5 scrolls of remove curse
 o - a scroll of teleportation
 B - 2 scrolls of fog
 C - 4 scrolls of amnesia
 I - a scroll of fear
 R - a scroll of magic mapping
 X - a scroll of blinking
Potions
 d - 3 potions of might
 k - 6 potions of curing
 m - 7 potions of heal wounds
 r - 2 potions of degeneration
 A - a potion of resistance
 H - 3 potions of flight
 V - a potion of brilliance {unknown}
Books
 y - a book of Air

   Spells                             Type                      Level
   a - Shock                          Conjuration/Air              1
   b - Swiftness                      Charms/Air                   2
   c - Repel Missiles                 Charms/Air                   2
   d - Static Discharge               Conjuration/Air              3
   e - Lightning Bolt                 Conjuration/Air              5
 W - a book of Changes

   Spells                             Type                      Level
   a - Beastly Appendage              Transmutation                1
   b - Sticks to Snakes               Transmutation                2
   c - Spider Form                    Transmutation/Poison         3
   d - Ice Form                       Ice/Transmutation            4
   e - Blade Hands                    Transmutation                5
Comestibles
 f - 3 bread rations
 g - 6 meat rations
 n - 4 slices of pizza
 z - 2 beef jerkies
 T - 12 fruits
 U - 12 royal jellies
 Y - 3 chunks of flesh


   Skills:
 + Level 6.3 Fighting
 + Level 11.4 Long Blades
 + Level 2.0 Throwing
 + Level 9.0 Armour
 + Level 2.7 Dodging
 + Level 1.0 Stealth
 + Level 11.6 Shields
 + Level 0.6 Invocations
 + Level 3.0 Evocations


You had 8 spell levels left.
You knew the following spells:

 Your Spells              Type           Power        Failure   Level  Hunger
a - Swiftness             Chrm/Air       #.......     69%         2    ###....


Dungeon Overview and Level Annotations

Branches:
Dungeon (8/15)             Temple (1/1) D:5            Lair (2/6) D:8
 Spider (1/4) Lair:2
  Swamp: Lair:2-4    Shoals: Lair:2-4

Altars:
Ashenzari
Cheibriados
Dithmenos
Elyvilon
Fedhas
Gozag
Hepliaklqana
Kikubaaqudgha
Makhleb
Nemelex Xobeh
Okawaru
Qazlal
Sif Muna
Uskayaw
Vehumet
Xom
Zin
The Shining One

Annotations:
Spider:1 quik's ghost, adept KoBe


Innate Abilities, Weirdness & Mutations

You are resistant to damage.
You can recharge devices by infusing magical energy.
You passively map the area around you.
You do not regenerate.
((You are partially covered in thin metallic scales. (AC +2)))
You are robust. (+10% HP)


Message History

* * * LOW HITPOINT WARNING * * *
The wolf spider bites you.
* * * LOW HITPOINT WARNING * * *
The entropy weaver mumbles some strange words.
The entropic weave corrodes you! You block the redback's attack.
The redback bites you.
The wolf spider hits you but does no damage.
The wolf spider barely misses you.
You closely miss quik's ghost. You block the redback's attack.
Quik's ghost completely misses you.
The jumping spider leaps!
The redback completely misses you.
You riposte.
You closely miss the redback. The wolf spider hits you!!
* * * LOW HITPOINT WARNING * * *
You block the wolf spider's attack.
You miss quik's ghost. You block the redback's attack. The redback bites you.
* * * LOW HITPOINT WARNING * * *
You block quik's ghost's attack. The wolf spider hits you!
* * * LOW HITPOINT WARNING * * *
The wolf spider bites you!
You die...

#.#......#
,#.#...#.
#^.......#.
.##.....
#....#.......
##....
#....##.....#,
##...
##...##.....
*, ...
#........#..
...
#.#..##.##, ,
,,... #.....#
# ... #.s♣###
* * ...
#.ssW§# , ..
#..as.... ,
##(........ ..
.##..}....,,,
.# #.**..#....
, . #. ###....
,, ,, #. , ...
, ,,, * , ,


You could see an entropy weaver, a wolf spider, 3 redbacks and quik's ghost.

Vanquished Creatures
  A moth of wrath (Spider:1)
  3 spiny frogs
  A rime drake (Lair:1)
  A komodo dragon (Lair:1)
  A queen bee (Lair:1)
  A jumping spider (Spider:1)
  A hornet (Spider:1)
  4 blink frogs (Lair:2)
  A slime creature (Lair:1)
  3 hippogriffs
  A tarantella (Spider:1)
  6 redbacks
  8 yaks (Lair:2)
  2 basilisks
  3 hungry ghosts (D:8)
  Edmund (D:5)
  4 water moccasins
  2 porcupines
  3 sky beasts
  3 orc warriors
  2 ice beasts
  A black bear (D:8)
  A phantom (D:8)
  2 ogres (D:7)
  3 centaurs
  4 crocodiles
  A big kobold (Sewer)
  5 bullfrogs
  A water moccasin zombie (D:5)
  A wyvern skeleton (D:7)
  30 killer bees
  3 howler monkeys (D:4)
  2 crimson imps
  2 bullfrog zombies
  2 hounds
  A jelly (D:7)
  A centaur skeleton (D:5)
  6 orc priests
  4 bullfrog skeletons
  8 orc wizards
  An iguana (D:7)
  7 worker ants
  A hound skeleton (D:8)
  7 gnolls
  13 adders
  A howler monkey skeleton (D:5)
  2 shadow imps
  2 oozes
  3 worms
  4 dart slugs
  5 leopard geckos
  30 orcs
  5 bats
  5 giant cockroaches
  4 goblins
  6 hobgoblins
  10 jackals
  4 quokkas
  4 ball pythons
  4 frilled lizards
  21 kobolds
  A leopard gecko skeleton (D:4)
  9 rats
279 creatures vanquished.

Vanquished Creatures (collateral kills)
  A redback (Spider:1)
1 creature vanquished.

Grand Total: 280 creatures vanquished

Notes
Turn   | Place    | Note
-------+----------+-------------------------------------------
     0 | D:1      | Drleta the Deep Dwarf Fighter began the quest for the Orb.
     0 | D:1      | Reached XP level 1. HP: 20/20 MP: 1/1
   190 | D:1      | Reached XP level 2. HP: 27/27 MP: 2/2
   889 | D:1      | Reached XP level 3. HP: 23/33 MP: 3/3
  2099 | D:3      | Reached XP level 4. HP: 19/40 MP: 4/4
  2270 | D:3      | Found a burning altar of Makhleb.
  2282 | D:3      | Became a worshipper of Makhleb the Destroyer
  2482 | D:3      | Found a glowing golden altar of the Shining One.
  2690 | D:3      | Found a shattered altar of Ashenzari.
  2761 | D:3      | You fall through a shaft!
  2801 | D:4      | Reached XP level 5. HP: 15/49 MP: 0/5
  2961 | D:4      | Reached XP level 6. HP: 37/56 MP: 0/6
  3565 | D:3      | Reached skill level 5 in Shields
  3605 | D:3      | Reached skill level 5 in Long Blades
  4097 | D:5      | Entered Level 5 of the Dungeon
  4109 | D:5      | Reached XP level 7. HP: 40/62 MP: 0/7
  4160 | D:5      | Reached * piety under Makhleb
  4160 | D:5      | Reached skill level 1 in Dodging
  4185 | D:5      | Reached skill level 1 in Evocations
  4238 | D:5      | Noticed Edmund
  4364 | D:5      | Killed Edmund
  4437 | D:5      | Reached skill level 5 in Armour
  4487 | D:5      | Found a glowing drain.
  4497 | Sewer    | Entered a sewer
  4743 | Sewer    | Reached ** piety under Makhleb
  5063 | D:5      | Found an iron altar of Okawaru.
  5114 | D:5      | Found a staircase to the Ecumenical Temple.
  5124 | Temple   | Entered the Ecumenical Temple
  5340 | D:5      | Reached XP level 8. HP: 72/72 MP: 8/8
  5855 | D:6      | Got a slimy dagger
  5992 | D:6      | Learned a level 2 spell: Swiftness
  6001 | D:6      | Found a shadowy altar of Dithmenos.
  6044 | D:6      | Got a smoking brass ring
  6461 | D:7      | Reached *** piety under Makhleb
  6721 | D:7      | Gained mutation: You passively map the area around you. [Deep Dwarf growth]
  6721 | D:7      | Reached XP level 9. HP: 53/79 MP: 9/9
  7515 | D:7      | Reached **** piety under Makhleb
  7685 | D:8      | Found a flagged portal.
  7712 | Bailey   | Entered a bailey
  7724 | Bailey   | Noticed an orc knight
  7742 | Bailey   | Noticed an orc knight
  7873 | D:8      | Reached skill level 1 in Throwing
  7976 | D:8      | Identified the ring of Arrival {-Tele rPois Str+4 Int+5 Dex+4} (You found it on level 6 of the Dungeon)
  7993 | D:8      | Found a staircase to the Lair.
  8069 | D:8      | Noticed Maurice
  8081 | D:8      | Noticed Maurice
  8081 | D:8      | Maurice changed into Maurice the black bear
  8087 | D:8      | Killed Maurice the black bear
  8251 | D:8      | Found a hide-covered altar of Uskayaw.
  8587 | D:8      | Reached skill level 5 in Fighting
  8607 | D:8      | Reached XP level 10. HP: 88/88 MP: 10/10
  8799 | Lair:1   | Entered Level 1 of the Lair of Beasts
  9431 | Lair:1   | Reached skill level 10 in Long Blades
  9494 | Lair:1   | Reached skill level 10 in Shields
  9688 | Lair:1   | Noticed a spiny frog
  9698 | Lair:1   | Killed a spiny frog
  9906 | Lair:1   | Noticed a five-headed hydra
  9914 | Lair:1   | a seven-headed hydra changed into a tyrant leech
 10210 | Lair:2   | Noticed a spiny frog
 10220 | Lair:2   | Reached XP level 11. HP: 82/97 MP: 11/11
 10473 | Lair:2   | Reached skill level 1 in Stealth
 10588 | Lair:2   | Found a hole to the Spider Nest.
 10613 | Spider:1 | Entered Level 1 of the Spider Nest
 10613 | Spider:1 | Noticed a wolf spider
 10628 | Spider:1 | a wolf spider changed into a slime creature
 10631 | Spider:1 | Noticed quik's ghost (adept KoBe)
 10718 | Spider:1 | Gained mutation: You are robust. (+10% HP) [potion of beneficial mutation]
 10719 | Spider:1 | Gained mutation: You are partially covered in thin metallic scales. (AC +2) [potion of beneficial mutation]
 10742 | Spider:1 | Noticed an orb spider
 10802 | Spider:1 | Noticed a wolf spider
 10803 | Spider:1 | Noticed an entropy weaver
 10822 | Spider:1 | HP: 7/160 [redback (3)]
 10822 | Spider:1 | HP: 3/160 [wolf spider (4)]
 10822 | Spider:1 | Slain by a wolf spider

Skill      XL: |  1  2  3  4  5  6  7  8  9 10 11 |
---------------+----------------------------------+-----
Shields        | 4 5 6 7 9 10 11 | 11.6
Long Blades    | 3 4 5 6 7 9 10 11 | 11.4
Fighting       | 3 4 5 6 |  6.3
Armour         | 4 5 6 7 8 9 |  9.0
Dodging        | 1 2 |  2.7
Evocations     | 1 2 3 |  3.0
Throwing       | 2 |  2.0
Stealth        | 1 |  1.0
Invocations    | |  0.6

Action                   |  1- 3 |  4- 6 |  7- 9 | 10-12 || total
-------------------------+-------+-------+-------+-------++-------
Melee: Long sword        |   110 |    13 |   464 |   522 ||  1109
       Falchion          |       |   214 |   317 |       ||   531
Throw: Javelin           |     7 |     5 |     5 |       ||    17
       Tomahawk          |       |       |    22 |       ||    22
Invok: Lesser Servant of |       |       |       |     1 ||     1
 Abil: Device Recharging |       |       |     1 |     1 ||     2
Evoke: Wand              |       |     2 |     7 |    24 ||    33
  Use: Scroll            |     9 |     6 |    16 |     9 ||    40
       Potion            |       |       |     5 |     8 ||    13
  Eat: Chunk             |     4 |     7 |    13 |     6 ||    30
       Bread ration      |       |       |     3 |       ||     3
       Royal jelly       |       |       |       |     1 ||     1
Armor: Scale mail        |    25 |       |       |       ||    25
       Plate armour      |    26 |   117 |   449 |   242 ||   834
       Skin              |       |       |       |    11 ||    11
Dodge: Dodged            |    29 |    53 |   236 |   205 ||   523
Block: Shield            |    47 |   111 |   529 |   446 ||  1133
       Rpst.: Long sword |    15 |     1 |    33 |    61 ||   110
       Falchion          |       |    17 |    23 |       ||    40
